[Event "LEM Niedersachsen-A-Open 2025"]
[Site "Verden"]
[Date "2025.01.03"]
[Round "4.1"]
[White "Hoellman, Ludger"]
[Black "Laubsch, Bernd"]
[Result "0-1"]
[ECO "D72"]
[WhiteElo "2026"]
[BlackElo "2215"]
[Annotator "TA"]
[PlyCount "80"]
[EventDate "2024.12.27"]
[EventType "swiss"]
[EventCountry "GER"]
[SourceTitle "playchess.com"]
[Source "ChessBase"]
[SourceQuality "1"]
[TimeControl "40/5400+30:1800+30"]

1. d4 Nf6 2. c4 g6 3. g3 d5 4. cxd5 Nxd5 5. e4 Nb6 6. Bg2 Bg7 7. Ne2 O-O 8. O-O Na6 9. Nbc3 Bd7 10. b3 c5 11. d5 (11. dxc5 $16 Nxc5 12. Be3) 11... Rc8 12. Be3 c4 13. Bd4 f6 (13... e5 $14 14. dxe6 Bxe6) 14. Rb1 Qc7 (14... Nc5 $16) 15. b4 Qd6 16. a3 Rfd8 17. Qc2 e5 18. dxe6 Qxe6 19. Rfd1 (19. a4 $18) 19... Qe8 $16 20. Nf4 Nc7 21. Nfd5 $2 (21. Rbc1 $16 {and life is bright.}) 21... Nbxd5 $17 22. exd5 Bf5 23. Be4 Bxe4 24. Nxe4 Nxd5 25. Bc5 {[%emt 0:04:54] [#]} ({White should play} 25. Re1 Qd7 26. Nc5) 25... f5 $1 26. Nd6 {[%emt 0:05:28] [#]} Rxd6 $1 27. Bxd6 {[%emt 0:00:01] [#]} Nc3 $1 28. Re1 Qc6 29. Be5 Nxb1 30. Bxg7 (30. Qxb1 $142 c3 31. Qa2+ Qc4 32. Qxc4+ Rxc4 33. Bxg7 Kxg7 34. Rc1) 30... Kxg7 31. Re7+ $2 (31. Qxb1 c3 32. Qd3) 31... Kf6 32. Rxh7 $2 {[%emt 0:00:54] [#]} (32. Re1) 32... c3 $1 $19 {[%emt 0:03:26] ( -> ...Nd2)} 33. Qd3 (33. Rh3 Qe4) 33... Nd2 ({And not} 33... Nxa3 34. Qd4+ Ke6 35. Rg7 $11) 34. Qd4+ Ke6 35. Qg7 Kd5 36. Qf7+ Qe6 37. Qxb7+ Kc4 {[%emt 0:00:12] ( -> ...Qe1+)} 38. Rh4+ Kb3 39. b5 Qe1+ 40. Kg2 Qf1# 0-1

[Event "LEM Niedersachsen-A-Open 2025"]
[Site "Verden"]
[Date "2025.01.03"]
[Round "4.2"]
[White "Stotyn, Fabian"]
[Black "Weigand, Anton"]
[Result "1/2-1/2"]
[ECO "B21"]
[WhiteElo "2123"]
[BlackElo "2092"]
[Annotator "TA"]
[PlyCount "116"]
[EventDate "2024.12.27"]
[EventType "swiss"]
[EventCountry "GER"]
[SourceTitle "playchess.com"]
[Source "ChessBase"]
[SourceQuality "1"]
[TimeControl "40/5400+30:1800+30"]

1. e4 c5 2. Be2 Nc6 3. f4 g6 4. Nf3 Bg7 5. c3 d5 6. d3 e5 7. Nxe5 Nxe5 8. fxe5 Bxe5 9. Bf3 Ne7 10. exd5 O-O 11. Qb3 Qc7 12. Nd2 Bxh2 13. Ne4 Nf5 14. Bg5 h6 15. Bd2 Bg3+ 16. Kd1 h5 17. Kc2 Bf4 18. g4 hxg4 19. d6 Bxd6 20. Nf6+ Kg7 21. Bg5 $1 Bh2 (21... gxf3 22. Rh7#) (21... Ne3+ $5 22. Bxe3 Kxf6 $15 (22... gxf3 $2 23. Nd5 $18)) 22. Nd5 (22. Nxg4 $11 f6 23. Be3 (23. Bxf6+ Rxf6 24. Nxf6 Kxf6 $11)) 22... Qg3 23. Be4 $2 (23. Bf6+ $15 Kh7 24. Rag1 Qf2+ (24... Qxf3 $2 25. Rxh2+ $18) 25. Kb1 gxf3 26. Qd1) 23... Be6 $2 (23... Qf2+ $1 $19 24. Kc1 f6 (24... Be5 25. Bxf5 gxf5 26. Bh6+ Kg6 27. Bxf8 $11)) 24. Raf1 (24. Bf6+ $11 Kh7 25. Rag1 Qxg1 26. Rxg1 Bxg1 27. Bxf5 gxf5 28. Qxb7) 24... Bxd5 (24... Rfd8 {looks sharper.} 25. Kc1 Qe5 26. Rxh2 Bxd5 27. Qc2 Rh8) 25. Qxd5 Qe5 26. Qxe5+ (26. Qxb7 $15 Rh8 27. Kb1 (27. Qd7 Rab8 $11)) 26... Bxe5 $17 27. Bxf5 gxf5 28. Rxf5 f6 29. Be3 Rh8 30. Rhf1 Rh2+ 31. Kb3 Rh3 $1 32. Bxc5 Rxd3 33. Be7 {[%emt 0:00:37] [#]} (33. Kc2 $17 Rh3 34. Rg1) 33... Rf3 $2 (33... g3 $1 $19 {[%mdl 512] And now ...Rd2 would win.} 34. Rg1 (34. Bxf6+ $2 Bxf6 35. R1f4 Rf8 $19) (34. Kc2 Re3) 34... Kg6) 34. R5xf3 gxf3 35. Rxf3 Kf7 36. Bc5 Ke6 37. a4 a6 38. Rh3 Rc8 39. Kb4 Rc7 40. Rd3 {[%emt 0:05:05] [#]} (40. Bb6 $11 {remains equal.} Rg7 41. Kc4) 40... f5 $1 $17 41. Bb6 Rf7 42. Bf2 f4 43. Kc5 Kf5 44. Kb6 Ke4 45. Rh3 $2 (45. Rd1 $17) 45... f3 $19 46. Rh5 $2 (46. Rh1) 46... Bf4 $19 47. Bd4 Bg3 48. Rh1 $2 (48. Rg5 f2 49. Bxf2 Bxf2+ 50. Ka5) 48... f2 $19 49. b4 Kf3 (49... Kd3 $142 50. b5 axb5 (50... f1=B $2 51. bxa6 Bc7+ 52. Ka7 $19) (50... f1=R $2 51. Rxf1 Rxf1 52. Kxb7 $19) 51. axb5 Ke2 (51... f1=R $2 52. Rxf1 Rxf1 53. Kxb7 $19) (51... f1=N 52. Rg1 $17) (51... f1=B $2 52. Ka7 $19)) 50. Rb1 $2 (50. Bxf2 Bxf2+ 51. Ka5) 50... Kg2 $2 (50... Ke2 $19 51. Rb2+ Kd3) 51. Rb2 $1 $15 Kf3 $2 (51... Bh4 $15 52. c4 Kf3 53. Bxf2 Bxf2+ 54. c5 Bd4) 52. Rb1 $19 Bf4 $2 (52... Ke2 $19 53. Rb2+ Kd3) 53. c4 (53. b5 $15) 53... Be3 $2 ({Better is} 53... Bc7+ $19 54. Ka7 Bg3) 54. Bxe3 $11 Kxe3 55. c5 Kd4 56. Rf1 Kc4 57. b5 axb5 58. axb5 Kd3 1/2-1/2

[Event "LEM Niedersachsen-A-Open 2025"]
[Site "Verden"]
[Date "2025.01.03"]
[Round "4.3"]
[White "Burkhardt, Holger"]
[Black "Moeller, Jonas"]
[Result "0-1"]
[ECO "C48"]
[WhiteElo "2092"]
[BlackElo "1934"]
[Annotator "NA RC"]
[PlyCount "80"]
[EventDate "2024.12.27"]
[EventType "swiss"]
[EventCountry "GER"]
[SourceTitle "playchess.com"]
[Source "ChessBase"]
[SourceQuality "1"]
[TimeControl "40/5400+30:1800+30"]

1. e4 e5 2. Nf3 Nc6 3. Nc3 Nf6 4. Bb5 Nd4 5. O-O Nxb5 6. Nxb5 c6 7. Nc3 d6 8. d4 Qc7 9. Bg5 Be7 10. Bxf6 Bxf6 11. d5 O-O 12. Qd3 Be7 13. a4 a5 14. Nd2 Kh8 15. Nc4 f5 16. f3 b5 17. Ne3 b4 18. dxc6 bxc3 19. Qxc3 Be6 20. Nd5 Bxd5 21. exd5 Qb6+ 22. Kh1 Bf6 23. Qa3 Rfd8 24. c3 e4 25. fxe4 fxe4 26. Rae1 Qa6 27. Qb3 Qd3 28. Rd1 Qe2 29. Rfe1 Qg4 30. Qc4 Re8 31. b4 axb4 32. Qxb4 Qh5 33. c7 Be5 34. h3 Qh4 35. Rxe4 Qg3 36. Kg1 Qh2+ 37. Kf1 Rf8+ 38. Ke1 Qxg2 39. Re2 Qf1+ 40. Kd2 Bf4+ 0-1

[Event "LEM Niedersachsen-A-Open 2025"]
[Site "Verden"]
[Date "2025.01.03"]
[Round "4.4"]
[White "Bundan, Edward"]
[Black "Becker, Stefan"]
[Result "1/2-1/2"]
[ECO "B33"]
[WhiteElo "1822"]
[BlackElo "2036"]
[Annotator "NA RC"]
[PlyCount "59"]
[EventDate "2024.12.27"]
[EventType "swiss"]
[EventCountry "GER"]
[SourceTitle "playchess.com"]
[Source "ChessBase"]
[SourceQuality "1"]
[TimeControl "40/5400+30:1800+30"]

1. e4 c5 2. Nf3 Nc6 3. d4 cxd4 4. Nxd4 Nf6 5. Nc3 e5 6. Ndb5 d6 7. Bg5 a6 8. Na3 b5 9. Nd5 Be7 10. Bxf6 Bxf6 11. c3 Rb8 12. Nc2 Bg5 13. Nce3 Be6 14. g3 O-O 15. Bg2 g6 16. O-O Bxe3 17. Nxe3 b4 18. Qd3 Qb6 19. Kh1 Ne7 20. Rfd1 Rfd8 21. c4 Kh8 22. b3 Rd7 23. Rd2 f5 24. f4 Rf8 25. Rf1 Nc6 26. exf5 gxf5 27. Bxc6 Qxc6+ 28. Nd5 Rg7 29. Qf3 a5 30. Qe3 1/2-1/2

[Event "LEM Niedersachsen-A-Open 2025"]
[Site "Verden"]
[Date "2025.01.03"]
[Round "4.5"]
[White "Kieselbach, Marvin"]
[Black "Moeller, Tom"]
[Result "1-0"]
[ECO "B40"]
[WhiteElo "2008"]
[BlackElo "1802"]
[Annotator "NA RC"]
[PlyCount "49"]
[EventDate "2024.12.27"]
[EventType "swiss"]
[EventCountry "GER"]
[SourceTitle "playchess.com"]
[Source "ChessBase"]
[SourceQuality "1"]
[TimeControl "40/5400+30:1800+30"]

1. e4 c5 2. Nf3 e6 3. g3 Nc6 4. Bg2 Qc7 5. O-O Be7 6. c3 Nf6 7. Re1 d5 8. exd5 exd5 9. d4 O-O 10. dxc5 Bxc5 11. Be3 Bxe3 12. Rxe3 Bg4 13. h3 Bh5 14. Nbd2 Rfe8 15. Nf1 Rad8 16. Qa4 Ne4 17. Rae1 f5 18. g4 fxg4 19. hxg4 Bg6 20. Nh4 Ne5 21. Nxg6 hxg6 22. Bxe4 b5 23. Qb3 Qd7 24. Bxd5+ Qxd5 25. Rxe5 1-0

[Event "LEM Niedersachsen-A-Open 2025"]
[Site "Verden"]
[Date "2025.01.03"]
[Round "4.6"]
[White "Zweigait, Leon"]
[Black "Hilker, Bjoern"]
[Result "0-1"]
[ECO "B33"]
[WhiteElo "1865"]
[BlackElo "1993"]
[Annotator "NA RC"]
[PlyCount "40"]
[EventDate "2024.12.27"]
[EventType "swiss"]
[EventCountry "GER"]
[SourceTitle "playchess.com"]
[Source "ChessBase"]
[SourceQuality "1"]
[TimeControl "40/5400+30:1800+30"]

1. e4 c5 2. Nf3 Nc6 3. d4 cxd4 4. Nxd4 Nf6 5. Nc3 e5 6. Ndb5 d6 7. Bg5 a6 8. Na3 b5 9. Nd5 Qa5+ 10. Bd2 Qd8 11. c4 bxc4 12. Nxc4 Nxd5 13. exd5 Nd4 14. Ba5 Qh4 15. Bd3 Bg4 16. Qa4+ Bd7 17. Qa3 e4 18. O-O exd3 19. Rfe1+ Ne2+ 20. Kh1 Qxc4 0-1

[Event "LEM Niedersachsen-A-Open 2025"]
[Site "Verden"]
[Date "2025.01.03"]
[Round "4.7"]
[White "Lebiedz, Oliver"]
[Black "Renner, Kai"]
[Result "1/2-1/2"]
[ECO "C03"]
[WhiteElo "1939"]
[BlackElo "2080"]
[Annotator "NA RC"]
[PlyCount "75"]
[EventDate "2024.12.27"]
[EventType "swiss"]
[EventCountry "GER"]
[SourceTitle "playchess.com"]
[Source "ChessBase"]
[SourceQuality "1"]
[TimeControl "40/5400+30:1800+30"]

1. e4 e6 2. d4 d5 3. Nd2 Be7 4. c3 c5 5. Ngf3 Nf6 6. Bd3 Nc6 7. dxc5 dxe4 8. Nxe4 Nxe4 9. Bxe4 Qxd1+ 10. Kxd1 Bxc5 11. Ke2 Bd7 12. b4 Bb6 13. a4 f5 14. Bc2 e5 15. Bb3 h6 16. a5 Bd8 17. a6 e4 18. Nd2 b5 19. Bd5 Rc8 20. Nb3 Bf6 21. Bd2 Ne5 22. Nc5 Rc7 23. Rhd1 Bc6 24. Bf4 g5 25. Bxe5 Bxe5 26. Ne6 Rc8 27. Rac1 Ke7 28. Nc5 Rhd8 29. Be6 Rxd1 30. Rxd1 Rc7 31. Bxf5 Bxc3 32. Rb1 Bd5 33. Nxe4 Bxe4 34. Bxe4 Rc4 35. Bd3 Rxb4 36. Rxb4 Bxb4 37. Bxb5 Kf6 38. Kf3 1/2-1/2

[Event "LEM Niedersachsen-A-Open 2025"]
[Site "Verden"]
[Date "2025.01.03"]
[Round "4.8"]
[White "Aden, Tammo"]
[Black "Scheffner, Jarno"]
[Result "0-1"]
[ECO "E01"]
[WhiteElo "2077"]
[BlackElo "1925"]
[Annotator "NA RC"]
[PlyCount "74"]
[EventDate "2024.12.27"]
[EventType "swiss"]
[EventCountry "GER"]
[SourceTitle "playchess.com"]
[Source "ChessBase"]
[SourceQuality "1"]
[TimeControl "40/5400+30:1800+30"]

1. d4 d5 2. Nf3 Nf6 3. c4 e6 4. g3 c6 5. Bg2 Nbd7 6. O-O a6 7. Qc2 Be7 8. Nbd2 b5 9. b3 Bb7 10. Bb2 O-O 11. e4 dxe4 12. Nxe4 Nxe4 13. Qxe4 Bf6 14. Rfd1 Ra7 15. Qe2 Qb6 16. Rac1 Rd8 17. Ne5 b4 18. Be4 Nf8 19. c5 Qc7 20. Qf3 Bxe5 21. dxe5 Rxd1+ 22. Rxd1 Qa5 23. Bc1 Qxa2 24. Bg5 Qb2 25. Qe3 Ra8 26. Rd6 Rc8 27. Kg2 a5 28. Bd8 Qa1 29. Be7 Ba6 30. h3 Ng6 31. Qd2 f5 32. exf6 gxf6 33. Bxg6 hxg6 34. Rxe6 Qb1 35. Bxf6 Bf1+ 36. Kh2 Qf5 37. f4 Qxe6 0-1

[Event "LEM Niedersachsen-A-Open 2025"]
[Site "Verden"]
[Date "2025.01.03"]
[Round "4.9"]
[White "Koch, Yannick"]
[Black "Thomas, Jeremy"]
[Result "0-1"]
[ECO "E49"]
[WhiteElo "2024"]
[BlackElo "1935"]
[Annotator "RC"]
[PlyCount "154"]
[EventDate "2024.12.27"]
[EventType "swiss"]
[EventCountry "GER"]
[SourceTitle "playchess.com"]
[Source "ChessBase"]
[SourceQuality "1"]
[TimeControl "40/5400+30:1800+30"]

1. d4 d5 2. c4 e6 3. Nc3 Bb4 4. e3 Nf6 5. a3 Bxc3+ 6. bxc3 O-O 7. cxd5 exd5 8. Bd3 b6 9. Ne2 c5 10. O-O Ba6 11. Bc2 Nbd7 12. Re1 Re8 13. f3 Qc7 14. Ng3 Rac8 15. Bb1 Nf8 16. Ra2 Bb7 17. Bd3 Ne6 18. Rae2 Rcd8 19. Nf5 Qc8 20. Qa4 c4 21. Bb1 Qc7 22. Qd1 Bc8 23. Qd2 b5 24. e4 dxe4 25. fxe4 Ng4 26. e5 f6 27. Qc2 fxe5 28. dxe5 Nc5 29. Nd6 Nd3 30. Nxe8 Rxe8 31. h3 Ngxe5 32. Be3 Nf3+ 33. gxf3 Qg3+ 34. Kh1 Bb7 35. Rf1 Bxf3+ 36. Rxf3 Qxf3+ 37. Kh2 Rxe3 38. Rxe3 Qxe3 39. Qg2 Qe5+ 40. Qg3 Kf7 41. Qxe5 Nxe5 42. Be4 h6 43. Kg3 g5 44. Bb7 a5 45. Kf2 Ke6 46. Ke3 Kd6 47. Kd4 h5 48. Ba6 g4 49. hxg4 hxg4 50. Bxb5 g3 51. Ke3 Kc5 52. Ba6 Ng4+ 53. Kf3 Nf2 54. Kxg3 Ne4+ 55. Kf4 Nxc3 56. Ke3 Nb1 57. a4 Nc3 58. Kd2 Nxa4 59. Kc2 Kb4 60. Bc8 Nc3 61. Be6 a4 62. Kb2 Nd1+ 63. Kc2 Ne3+ 64. Kb2 Ng2 65. Bf5 Nf4 66. Kc2 Ne2 67. Bg6 Nd4+ 68. Kb2 a3+ 69. Ka2 c3 70. Kb1 Nb5 71. Bf5 Kc5 72. Be6 Nd4 73. Bf7 c2+ 74. Kc1 Kb4 75. Kd2 Nb3+ 76. Kxc2 a2 77. Bxb3 a1=Q 0-1

[Event "LEM Niedersachsen-A-Open 2025"]
[Site "Verden"]
[Date "2025.01.03"]
[Round "4.10"]
[White "Gottschalk, Siegfried"]
[Black "Ophardt, Paul"]
[Result "1/2-1/2"]
[ECO "A81"]
[WhiteElo "1936"]
[BlackElo "2015"]
[Annotator "RC"]
[PlyCount "113"]
[EventDate "2024.12.27"]
[EventType "swiss"]
[EventCountry "GER"]
[SourceTitle "playchess.com"]
[Source "ChessBase"]
[SourceQuality "1"]
[TimeControl "40/5400+30:1800+30"]

1. Nf3 f5 2. g3 Nf6 3. Bg2 g6 4. O-O Bg7 5. d4 O-O 6. b4 c6 7. c4 a5 8. bxa5 Qxa5 9. Qb3 d5 10. Nc3 Nbd7 11. cxd5 cxd5 12. Bf4 Ra6 13. a4 Nb6 14. Nb5 Nc4 15. Bc7 b6 16. Bf4 Bd7 17. Rfb1 Ne4 18. Qb4 Qxb4 19. Rxb4 Bxb5 20. Rxb5 Nc3 21. Rb4 Nxe2+ 22. Kf1 Nxf4 23. gxf4 e6 24. Kg1 Rfa8 25. Bf1 Bf8 26. Bxc4 Bxb4 27. Bxa6 Rxa6 28. Ng5 Bd6 29. Rc1 Ra8 30. Rc6 Bxf4 31. Nxe6 Bd2 32. Rxb6 Rxa4 33. Rb5 Ra5 34. Rxa5 Bxa5 35. Nf4 Bb6 36. Nxd5 Bxd4 37. Nf4 Kf7 38. Kg2 g5 39. Ne2 Bb2 40. h3 Kg6 41. Kf3 Be5 42. Kg2 Kf6 43. Kf3 Ke6 44. Ke3 Kd5 45. Kf3 Kc4 46. Ke3 Kd5 47. Kf3 h5 48. Ke3 Bf6 49. Kf3 h4 50. Ke3 Be5 51. Kf3 Kc4 52. Kg2 Kd3 53. Kf1 g4 54. Ng1 Bh2 55. hxg4 fxg4 56. f3 g3 57. Nh3 1/2-1/2

[Event "LEM Niedersachsen-A-Open 2025"]
[Site "Verden"]
[Date "2025.01.03"]
[Round "4.11"]
[White "Soellig, Martin"]
[Black "Schumann, Steffen"]
[Result "1-0"]
[ECO "B26"]
[WhiteElo "1930"]
[BlackElo "2002"]
[Annotator "NA RC"]
[PlyCount "87"]
[EventDate "2024.12.27"]
[EventType "swiss"]
[EventCountry "GER"]
[SourceTitle "playchess.com"]
[Source "ChessBase"]
[SourceQuality "1"]
[TimeControl "40/5400+30:1800+30"]

1. e4 c5 2. Nc3 Nc6 3. g3 g6 4. Bg2 Bg7 5. Nge2 d6 6. d3 e6 7. O-O Nge7 8. Bg5 O-O 9. Qd2 Rb8 10. Bh6 Bxh6 11. Qxh6 b5 12. Rae1 b4 13. Na4 Bd7 14. b3 Qc7 15. Qd2 Nd4 16. Nb2 Nec6 17. f4 f6 18. Nc4 Nxe2+ 19. Rxe2 Nd4 20. Ree1 Bb5 21. Ne3 f5 22. Rf2 a5 23. h3 Bc6 24. c3 bxc3 25. Qxc3 a4 26. bxa4 Rb4 27. Nc2 Nxc2 28. Rxc2 fxe4 29. Bxe4 Rxa4 30. Bxc6 Qxc6 31. Rxe6 Qf3 32. Kh2 Raxf4 33. Ree2 Rd4 34. Rcd2 Qd5 35. Rf2 Rf3 36. Rxf3 Qxf3 37. Qc2 Qd5 38. Qb3 c4 39. Qb8+ Kg7 40. Rf2 Kh6 41. Qf8+ Kg5 42. Rf4 Qe5 43. h4+ Kh5 44. g4+ 1-0

[Event "LEM Niedersachsen-A-Open 2025"]
[Site "Verden"]
[Date "2025.01.03"]
[Round "4.12"]
[White "Ploog, Martin"]
[Black "Langer, Michael S."]
[Result "1-0"]
[ECO "A40"]
[WhiteElo "2001"]
[BlackElo "1933"]
[Annotator "NA RC"]
[PlyCount "25"]
[EventDate "2024.12.27"]
[EventType "swiss"]
[EventCountry "GER"]
[SourceTitle "playchess.com"]
[Source "ChessBase"]
[SourceQuality "1"]
[TimeControl "40/5400+30:1800+30"]

1. c4 b6 2. d4 Bb7 3. Nc3 e6 4. a3 f5 5. d5 e5 6. e4 Qf6 7. exf5 Bc5 8. Bd3 Na6 9. Nf3 h6 10. O-O Bd6 11. Ne4 Qf7 12. b4 Ne7 13. Qe2 1-0

[Event "LEM Niedersachsen-A-Open 2025"]
[Site "Verden"]
[Date "2025.01.03"]
[Round "4.13"]
[White "Amrhein, Thorsten"]
[Black "Thieu, Nguyen Gia Bao"]
[Result "1/2-1/2"]
[ECO "B22"]
[WhiteElo "1979"]
[BlackElo "1898"]
[Annotator "NA RC"]
[PlyCount "38"]
[EventDate "2024.12.27"]
[EventType "swiss"]
[EventCountry "GER"]
[SourceTitle "playchess.com"]
[Source "ChessBase"]
[SourceQuality "1"]
[TimeControl "40/5400+30:1800+30"]

1. e4 c5 2. c3 d5 3. exd5 Qxd5 4. d4 Nc6 5. Nf3 Bf5 6. Be3 cxd4 7. Nxd4 Nf6 8. Nxf5 Qxf5 9. Be2 e6 10. Qb3 O-O-O 11. Qc4 Qd5 12. Nd2 Qxc4 13. Nxc4 Nd5 14. Bd2 Be7 15. g3 Bf6 16. O-O-O Rd7 17. Ne3 Rhd8 18. Nxd5 Rxd5 19. Be3 Rxd1+ 1/2-1/2

[Event "LEM Niedersachsen-A-Open 2025"]
[Site "Verden"]
[Date "2025.01.03"]
[Round "4.14"]
[White "Freise, Linus"]
[Black "Belakhin, Alexander"]
[Result "1/2-1/2"]
[ECO "B13"]
[WhiteElo "1723"]
[BlackElo "1945"]
[Annotator "NA RC"]
[PlyCount "60"]
[EventDate "2024.12.27"]
[EventType "swiss"]
[EventCountry "GER"]
[SourceTitle "playchess.com"]
[Source "ChessBase"]
[SourceQuality "1"]
[TimeControl "40/5400+30:1800+30"]

1. e4 c6 2. d4 d5 3. exd5 cxd5 4. Bd3 Nc6 5. c3 Qc7 6. h3 g6 7. Nf3 Nf6 8. O-O Bf5 9. Re1 Bxd3 10. Qxd3 Bg7 11. Nbd2 O-O 12. Nf1 a6 13. Ng3 Rfc8 14. Bd2 e6 15. h4 h5 16. Re2 Na5 17. Rae1 Nc4 18. Bc1 Nd6 19. Ng5 Re8 20. Bf4 Qd7 21. Be5 Nc4 22. f4 Nd6 23. Rf1 Re7 24. Rfe1 Rae8 25. Qf3 Nc4 26. Qd3 Nd6 27. Qc2 Rc8 28. Qd3 Qb5 29. Qb1 Qd7 30. Qd3 Qb5 1/2-1/2

[Event "LEM Niedersachsen-A-Open 2025"]
[Site "Verden"]
[Date "2025.01.03"]
[Round "4.15"]
[White "Aden, Meino"]
[Black "Bangert, Jonas"]
[Result "1-0"]
[ECO "D66"]
[WhiteElo "1933"]
[BlackElo "1894"]
[Annotator "RC"]
[PlyCount "117"]
[EventDate "2024.12.27"]
[EventType "swiss"]
[EventCountry "GER"]
[SourceTitle "playchess.com"]
[Source "ChessBase"]
[SourceQuality "1"]
[TimeControl "40/5400+30:1800+30"]

1. d4 Nf6 2. Nf3 d5 3. c4 c6 4. Nc3 e6 5. Bg5 Be7 6. e3 O-O 7. Bd3 h6 8. Bh4 Nbd7 9. O-O b6 10. Rc1 dxc4 11. Bxc4 Bb7 12. Qe2 Nd5 13. Bg3 Nxc3 14. Rxc3 Nf6 15. Bd3 Nd5 16. Rcc1 Nb4 17. Bc4 a5 18. a3 Na6 19. Rfd1 b5 20. Bd3 Qb6 21. Ne5 Rad8 22. Qg4 f5 23. Qg6 Rf6 24. Qh5 Kh7 25. Nf7 Rf8 26. Ne5 Rd8 27. Bh4 g6 28. Qe2 g5 29. Bxg5 hxg5 30. Qh5+ Kg7 31. Qxg5+ Kh7 32. Ng4 Rdf8 33. Qh5+ Kg7 34. Nxf6 Bxf6 35. e4 Rh8 36. Qf3 c5 37. Qg3+ Kf7 38. dxc5 Nxc5 39. Qe3 Rc8 40. b4 axb4 41. axb4 Nd7 42. Qxb6 Nxb6 43. exf5 exf5 44. Bxb5 Be7 45. Bd3 Bxb4 46. Bxf5 Rxc1 47. Rxc1 Kf6 48. Rb1 Bc5 49. Bd3 Bc8 50. Rc1 Bd4 51. Rc6+ Ke5 52. h4 Bg4 53. Rg6 Bd1 54. h5 Nd5 55. Rg5+ Kd6 56. h6 Nf4 57. Be4 Ne6 58. Rd5+ Ke7 59. Rxd4 1-0

[Event "LEM Niedersachsen-A-Open 2025"]
[Site "Verden"]
[Date "2025.01.03"]
[Round "4.17"]
[White "Moerke, Niklas"]
[Black "Reimer, Philip"]
[Result "0-1"]
[ECO "E32"]
[WhiteElo "1875"]
[BlackElo "2131"]
[Annotator "TA"]
[PlyCount "126"]
[EventDate "2024.12.27"]
[EventType "swiss"]
[EventCountry "GER"]
[SourceTitle "playchess.com"]
[Source "ChessBase"]
[SourceQuality "1"]
[TimeControl "40/5400+30:1800+30"]

1. d4 Nf6 2. c4 e6 3. Nc3 Bb4 4. Qc2 b6 5. e4 Bb7 6. Bd3 c5 7. d5 d6 8. Nge2 b5 9. b3 bxc4 10. bxc4 Nbd7 11. O-O O-O 12. f4 exd5 13. exd5 Bxc3 14. Nxc3 Ba6 15. Ne4 (15. a4 $142) 15... Nxe4 $16 16. Bxe4 Nf6 (16... Qh4 $14) 17. Bd3 Re8 18. Bb2 h6 19. Rae1 Rxe1 (19... Rb8 $16) 20. Rxe1 $18 Rb8 21. Qe2 {[%emt 0:02:18] Inhibits Nh5.} (21. Bc3 $16) 21... Nd7 $2 (21... Nxd5 $1 $11 22. Qe4 g6 (22... Rxb2 23. Qh7+ Kf8 24. Qh8#) (22... Nf6 $2 23. Bxf6 g6 24. Bxd8 $18)) 22. Bc3 Nf8 $2 (22... Qh4 {was worth a try.} 23. Qe4 Nf8) 23. Qg4 f6 {[%emt 0:02:34] Black is weak on the light squares} 24. Re3 Bc8 25. Qh5 Ba6 26. Rg3 Kh8 27. Qg4 $2 (27. Kf2 $18 {is more deadly.}) 27... Qe7 $16 28. Kf2 Re8 (28... Qf7 $16 29. Qd1 Bc8) 29. Bd2 (29. Qh5 $18) 29... Bc8 (29... Qf7 $16 30. Qd1 Bc8) 30. f5 $2 ({White should try} 30. Qh5 $18 {Re3 is the strong threat.} Bd7 31. Re3) 30... Nd7 $1 $11 31. Qh5 Ne5 $36 {[%emt 0:00:19][%mdl 2048] Black has the initiative.} 32. Bf1 Qf7 33. Qh4 $2 (33. Qxf7 $11 Nxf7 34. Ra3) 33... Bxf5 $17 34. Bxh6 $2 (34. Kg1 $17) 34... gxh6 $19 35. Qxh6+ Bh7 36. Be2 Rg8 {[%emt 0:01:15] aiming for ...Rxg3.} 37. Rb3 Qg6 38. Qxg6 Bxg6 39. Rb7 Rg7 40. Rb8+ {[%emt 0:00:13] [#]} Kh7 $1 41. Ke3 Re7 42. Kd2 Be4 43. Bf1 f5 44. h3 Rg7 45. g4 fxg4 46. hxg4 Rxg4 47. Bh3 Rg3 48. Rb7+ Kh6 49. Bf1 Ra3 50. Rb2 Bd3 51. Bxd3 Rxd3+ {[%emt 0:00:06][%mdl 4096] Endgame KRN-KR} 52. Kc2 Rd4 53. Rb7 Rxc4+ 54. Kb3 {[%emt 0:00:05] [#]} Rb4+ $1 55. Rxb4 cxb4 56. Kxb4 {[%emt 0:00:06] KN-KPP} Kg5 57. Kb5 Kf4 58. Ka6 Ke4 59. Kxa7 Kxd5 60. Kb6 Kc4 61. a4 d5 62. a5 Nd7+ 63. Kc6 Nc5 0-1

[Event "LEM Niedersachsen-A-Open 2025"]
[Site "Verden"]
[Date "2025.01.03"]
[Round "4.18"]
[White "Oblender, Rudi"]
[Black "Rieping, Lea"]
[Result "1/2-1/2"]
[ECO "B01"]
[WhiteElo "1779"]
[BlackElo "1973"]
[Annotator "NA RC"]
[PlyCount "71"]
[EventDate "2024.12.27"]
[EventType "swiss"]
[EventCountry "GER"]
[SourceTitle "playchess.com"]
[Source "ChessBase"]
[SourceQuality "1"]
[TimeControl "40/5400+30:1800+30"]

1. e4 d5 2. exd5 Qxd5 3. Nc3 Qa5 4. Bc4 Nf6 5. Nge2 Bg4 6. O-O Nc6 7. d3 e6 8. Bd2 Qc5 9. Be3 Qd6 10. f3 Bf5 11. Ng3 Bg6 12. Nce4 Bxe4 13. Nxe4 Nxe4 14. fxe4 Qd7 15. a3 g6 16. d4 Bg7 17. c3 O-O 18. Qd2 Kh8 19. Bh6 f5 20. e5 Ne7 21. Bxg7+ Kxg7 22. Qc2 Nd5 23. Qb3 c6 24. Bxd5 cxd5 25. a4 Rac8 26. Qb5 Rf7 27. Qxd7 Rxd7 28. Rfc1 Rdc7 29. Kf2 Rb8 30. Ke3 b5 31. a5 a6 32. b3 Rbc8 33. Kd3 Kf7 34. Ra2 Ke7 35. Rac2 Kd7 36. g3 1/2-1/2

[Event "LEM Niedersachsen-A-Open 2025"]
[Site "Verden"]
[Date "2025.01.03"]
[Round "4.19"]
[White "Boerma, Daniel"]
[Black "Aden, Keno"]
[Result "1-0"]
[ECO "B10"]
[WhiteElo "1958"]
[BlackElo "1889"]
[Annotator "NA RC"]
[PlyCount "79"]
[EventDate "2024.12.27"]
[EventType "swiss"]
[EventCountry "GER"]
[SourceTitle "playchess.com"]
[Source "ChessBase"]
[SourceQuality "1"]
[TimeControl "40/5400+30:1800+30"]

1. e4 c6 2. d3 d5 3. Nd2 e5 4. Ngf3 Bd6 5. g3 Nf6 6. Bg2 Be6 7. O-O O-O 8. Re1 Qc7 9. Nf1 Na6 10. Bg5 Nd7 11. Nh4 Rae8 12. Nf5 f6 13. Bc1 Ndc5 14. N1e3 d4 15. Nxd6 Qxd6 16. Nf5 Bxf5 17. exf5 Nc7 18. h4 Nd5 19. Qg4 Qd7 20. h5 Kh8 21. Bh3 Qf7 22. Qf3 Re7 23. Bd2 Rfe8 24. h6 e4 25. hxg7+ Qxg7 26. dxe4 Nxe4 27. Qd3 Nxd2 28. Qxd2 Rxe1+ 29. Rxe1 Rxe1+ 30. Qxe1 Qe7 31. Qd1 Qe5 32. a3 c5 33. Qf3 b6 34. Bg2 Nc7 35. Qb7 Nb5 36. Qf7 h6 37. Bd5 Qb8 38. Qxf6+ Kh7 39. Qg6+ Kh8 40. Qxh6# 1-0

[Event "LEM Niedersachsen-A-Open 2025"]
[Site "Verden"]
[Date "2025.01.03"]
[Round "4.20"]
[White "Nolting, Dennis"]
[Black "Burnus, Finn Crispin"]
[Result "1/2-1/2"]
[ECO "C58"]
[WhiteElo "1937"]
[BlackElo "1883"]
[Annotator "NA RC"]
[PlyCount "86"]
[EventDate "2024.12.27"]
[EventType "swiss"]
[EventCountry "GER"]
[SourceTitle "playchess.com"]
[Source "ChessBase"]
[SourceQuality "1"]
[TimeControl "40/5400+30:1800+30"]

1. e4 e5 2. Nf3 Nc6 3. Bc4 Nf6 4. Ng5 d5 5. exd5 Na5 6. Bb5+ c6 7. dxc6 bxc6 8. Qf3 cxb5 9. Qxa8 Qc7 10. Qf3 Nc6 11. Nc3 Nd4 12. Qd1 h6 13. Nf3 Bg4 14. h3 Bxf3 15. gxf3 b4 16. O-O bxc3 17. dxc3 Ne6 18. Qe2 Bd6 19. Be3 O-O 20. Rad1 Nh5 21. Qd3 Rd8 22. Qf5 g6 23. Qg4 Nef4 24. Bxf4 Nxf4 25. Rfe1 Rb8 26. Rb1 Qd8 27. Kh1 h5 28. Qg3 Qf6 29. b3 Qf5 30. Rbd1 Rb6 31. Re4 Nxh3 32. Rxd6 Rxd6 33. Rxe5 Nxf2+ 34. Kg2 Qxc2 35. Re8+ Kh7 36. Kf1 Rd1+ 37. Re1 Rd2 38. Qf4 Qd3+ 39. Kg2 Ne4+ 40. Kh3 Ng5+ 41. Kg3 Kh6 42. Re5 f6 43. Rxg5 fxg5 1/2-1/2